 Dungeon Crawl Stone Soup version 0.30-a0-719-gcc4359ea44 (webtiles) character file.

Game seed: 1029037800566499765

419 Darius099 the Ruffian (level 6, -1/59 HPs)
             Began as a Troll Monk on Jan 27, 2023.
             Slain by an ogre
             ... wielding a +0 giant spiked club
              (34 damage)
             ... on level 5 of the Dungeon.
             The game lasted 00:03:49 (3094 turns).

Darius099 the Ruffian (Troll Monk)                  Turns: 3094, Time: 00:03:49

Health: -1/59      AC:  4    Str: 20    XL:     6   Next: 62%
Magic:  5/5        EV: 10    Int:  6    God:
Gold:   198        SH:  0    Dex: 14    Spells: 5/5 levels left

rFire   . . .      SeeInvis .      - Unarmed
rCold   . . .      Faith    .    (no shield)
rNeg    . . .      Spirit   .    a - +0 robe
rPois   .          Reflect  .    (helmet restricted)
rElec   .          Harm     .    (no cloak)
rCorr   .          Rampage  .    (gloves unavailable)
Will    .....                    (boots unavailable)
Stlth   ++                       (no amulet)
HPRegen 1.09/turn                (no ring)
MPRegen 0.09/turn                (no ring)

@: no status effects
A: large, unfitting armour, claws 3, regeneration 1, shaggy fur 1, tough skin 1
a: no special abilities


You were on level 5 of the Dungeon.
You visited 2 branches of the dungeon, and saw 6 of its levels.

You collected 198 gold pieces.

Inventory:

Armour
 a - a +0 robe (worn)
Jewellery
 e - an amulet of magic regeneration
 s - a ring of protection from cold
 u - an amulet of regeneration
Wands
 q - a wand of light (6)
Scrolls
 c - a scroll of blinking {unknown}
 g - 2 scrolls of fog {unknown}
 h - 5 scrolls of identify {unknown}
 j - a scroll of poison {unknown}
 k - a scroll of butterflies {unknown}
 m - a scroll of immolation {unknown}
 n - 2 scrolls of teleportation {unknown}
 r - a scroll of enchant armour {unknown}
 t - a scroll of vulnerability {unknown}
Potions
 b - a potion of ambrosia
 d - 4 potions of curing {unknown}
 f - 2 potions of invisibility {unknown}
 i - a potion of brilliance {unknown}
 l - a potion of flight {unknown}
 o - 2 potions of might {unknown}
 p - a potion of degeneration {unknown}


   Skills:
 - Level 2.4 Fighting
 - Level 2.4 Dodging
 - Level 1.0 Stealth
 + Level 7.6 Unarmed Combat


You had 5 spell levels left.
You didn't know any spells.
Your spell library contained the following spells:

 Spells                   Type           Power      Damage    Failure   Level
 Blink                    Tloc           0%         N/A       58%         2
 Lesser Beckoning         Tloc           0%         N/A       58%         2
 Momentum Strike          Conj/Tloc      0%         3d8       58%         2
 Tukima's Dance           Hex            0%         N/A       83%         3
 Passage of Golubria      Tloc           0%         N/A       99%         4
 Yara's Violent Unravell  Hex/Tmut       0%         3d3       100%        5


Dungeon Overview and Level Annotations

Branches:
Dungeon (5/15)             Temple (1/1) D:4

Altars:
Ashenzari
Dithmenos
Hepliaklqana
Makhleb
Okawaru
Ru
Sif Muna
Uskayaw
Wu Jian
Xom
Yredelemnul
Zin
The Shining One


Innate Abilities, Weirdness & Mutations

You are too large for most types of armour.
You have claws for hands.
Your natural rate of healing is unusually fast.
You are covered in fur. (AC +1)
You have tough skin. (AC +1)


Message History

Unknown command.
No target in view!
Unknown command.
You feel sick.
You feel sick.
You feel sick.
You feel sick.
You feel sick.
You feel sick.
Key pressed, stopping explore.
Unknown command.
You feel sick.
You feel sick.
You are no longer poisoned.
Key pressed, stopping explore.
Unknown command.
HP restored.
u - an amulet of regeneration Unknown command.
Key pressed, stopping explore.
Unknown command.
An ogre comes into view. It is wielding a +0 giant spiked club.
Found 9 gold pieces.
The ogre shouts!
You hear an angry hiss.
Unknown command.
Unknown command.
An adder comes into view.
The adder hisses angrily.
Unknown command.
A phantom comes into view.
The ogre hits you with a +0 giant spiked club!!
A water moccasin comes into view.
You see here a wand of flame (15).
Unknown command.
The water moccasin hisses angrily.
You scratch the ogre.
The ogre is lightly wounded.
The ogre hits you with a +0 giant spiked club!!
Ouch! That really hurt!
You die...

#..##.....
####..........
###...........#
######....####.#..# #
##..##......##..#.###..
##....#.................
#.....#.................
###...#..............#
................@....#
.####............O..$...
........................
..##.##.........S.......
#....##.............####
..#..................
.##..............WS...
..#....................
.............


You could see a water moccasin, an ogre, a phantom and an adder.

Vanquished Creatures
  2 scorpions
  2 hounds
  An orc priest (D:4)
  Natasha (D:2)
  An iguana (D:4)
  An orc wizard (D:3)
  4 adders
  An ufetubus (D:4)
  4 worms
  3 dart slugs (D:3)
  6 orcs
  6 endoplasms
  A giant cockroach (D:3)
  5 goblins
  3 hobgoblins
  7 jackals (D:1)
  4 quokkas
  5 ball pythons
  5 bats
  3 frilled lizards (D:3)
  8 kobolds
  6 rats
79 creatures vanquished.

Vanquished Creatures (others)
  An adder (D:3)
  A goblin (D:3)
  A kobold (D:3)
  A frilled lizard (D:3)
4 creatures vanquished.

Grand Total: 83 creatures vanquished

Notes
Turn   | Place    | Note
-------+----------+-------------------------------------------
     0 | D:1      | Darius099 the Troll Monk began the quest for the Orb.
     0 | D:1      | Reached XP level 1. HP: 22/22 MP: 0/0
    95 | D:1      | Found a faded altar of an unknown god.
   304 | D:1      | Reached XP level 2. HP: 29/29 MP: 1/1
   942 | D:2      | Reached skill level 4 in Unarmed Combat
   969 | D:2      | Reached XP level 3. HP: 25/36 MP: 2/2
  1188 | D:2      | Noticed Natasha
  1192 | D:2      | Killed Natasha
  1193 | D:2      | Reached skill level 5 in Unarmed Combat
  1193 | D:2      | Reached XP level 4. HP: 40/44 MP: 3/3
  1585 | D:3      | Found a hazy altar of Hepliaklqana.
  1629 | D:3      | Reached XP level 5. HP: 50/50 MP: 4/4
  1648 | D:3      | Found a shimmering altar of Xom.
  1699 | D:3      | Reached skill level 6 in Unarmed Combat
  2506 | D:4      | Found a staircase to the Ecumenical Temple.
  2548 | D:4      | Found a shadowy altar of Dithmenos.
  2654 | D:4      | Reached skill level 7 in Unarmed Combat
  2654 | D:4      | Reached XP level 6. HP: 50/59 MP: 5/5
  2861 | Temple   | Entered the Ecumenical Temple
  3032 | D:5      | Entered Level 5 of the Dungeon
  3093 | D:5      | Noticed a water moccasin
  3094 | D:5      | Slain by an ogre

Illustrated notes

Levels and vault maps discovered:
D:1:      mushboom_english_gardens, layout_basic,
          shapermc_ecumenical_altar_ellora
D:2:      layout_basic, uniq_natasha
D:3:      layout_loops_corners, lemuel_tele_altar, xom_confusion_cloud
D:4:      layout_rooms, mainiacjoe_overflow_six_doors_small,
          minmay_temple_entry_stoned_glass, feat_on_display
D:5:      layout_cave_pools, cheibriados_altar_1
Temple:   nicolae_temple_ecumenical_triangle

Skill      XL: |  1  2  3  4  5 |
---------------+----------------+-----
Unarmed Combat | 4 5 7 |  7.6
Fighting       | |  2.4
Dodging        | |  2.4
Stealth        | |  1.0

Action                     |  1- 3 |  4- 6 || total
---------------------------+-------+-------++-------
  Melee: Unarmed           |    65 |   100 ||   165
         Punch             |     1 |       ||     1
   Stab: Sleeping          |     1 |     8 ||     9
         Distracted        |       |     1 ||     1
         Confused          |       |     1 ||     1
 Armour: Robe              |    12 |    24 ||    36
  Dodge: Dodged            |    27 |    39 ||    66

Table legend: (Time is in decaauts)
 A = Elapsed time spent in this place.
 B = Non-inter-level travel time spent in this place.
 C = Inter-level travel time spent in this place.
 D = Time resting spent in this place.
 E = Time spent auto-exploring this place.
 F = Levels seen in this place.
 G = Mean time per level.
                   A        B        C        D        E       F      G
               +--------+--------+--------+--------+--------+-----+--------+
         Total |   3077 |   2897 |    180 |    108 |   2267 |   6 |  512.8 |
       Dungeon |   2923 |   2755 |    168 |      8 |   2232 |   5 |  584.6 |
        Temple |    154 |    142 |     12 |    100 |     35 |   1 |  154.0 |
               +--------+--------+--------+--------+--------+-----+--------+

Top non-repeatable levels by time:
     D:3: 1006 daAuts
     D:1: 755 daAuts
     D:2: 652 daAuts
     D:4: 446 daAuts
  Temple: 154 daAuts
     D:5: 61 daAuts
